Unix NetHack Version 3.7.0-97 Work-in-progress - last build Feb 9 2024 02:06:40 (6d6cdf8371b60126770a3d7b88910941cb14a054,branch:master). Game began 2024-02-25 12:27:20, ended 2024-02-25 12:32:35. Cloudmillion, lawful female human Valkyrie ------- |{....| |...[`| | |...%.@o o...| ---.--- ## # # # ----- # |..<| ----.------ |...| |.........| |{...### |.........| |.(`| # |.....>..)| ----- # |.........| ###..........| -----.----- Cloudmillion the Skirmisher St:18 Dx:13 Co:17 In:8 Wi:9 Ch:7 Lawful Dlvl:4 $:42 HP:0(47) Pw:14(14) AC:1 Xp:5 T:883 Latest messages: You kill the hill orc! The hill orc wields a scimitar! $ - 14 gold pieces (42 in total). w - an orcish helm. The hill orc swings his scimitar. The hill orc hits! You hit the hill orc! The hill orc swings his scimitar. The hill orc hits! You kill the hill orc! x - an orcish helm. What do you want to write with? [- abkquv or ?*] - You write in the dust with your fingertip. What do you want to write in the dust here? xi What do you want to write with? [- abkquv or ?*] u Do you want to add to the current engraving? [ynq] (y) y You add to the writing in the dust with a balsa wand. What do you want to add to the writing in the dust here? c The floor is riddled by bullet holes! The hill orc wields a scimitar! What do you want to name? [a-ln-x or ?*] u What do you want to name this balsa wand? magic missile You hit the hill orc! The hill orc swings her scimitar. The hill orc hits! You kill the hill orc! Something is written here in the dust. You read: "??c". What do you want to write with? [- abkquv or ?*] - Do you want to add to the current engraving? [ynq] (y) y You add to the writing in the dust with your fingertip. What do you want to add to the writing in the dust here? i What do you want to write with? [- abkquv or ?*] v Do you want to add to the current engraving? [ynq] (y) y You add to the writing in the dust with a short wand. What do you want to add to the writing in the dust here? c The wand unsuccessfully fights your attempt to write! What do you want to name? [a-ln-x or ?*] v What do you want to name this short wand? striking The hill orc swings her scimitar. The hill orc hits! You hit the hill orc. The hill orc swings her scimitar. The hill orc hits! You die... Do you want your possessions identified? [ynq] (y) y Do you want to see your attributes? [ynq] (y) y Do you want an account of creatures vanquished? [ynaq] (y) y Do you want to see your conduct and achievements? [ynq] (y) y Do you want to see the dungeon overview? [ynq] (y) y Inventory: Coins $ - 42 gold pieces Amulets h - an uncursed amulet of ESP Weapons b - a +0 dagger (alternate weapon; not wielded) a - a +1 spear (weapon in right hand) Armor r - an uncursed +0 orcish helm s - an uncursed +0 orcish helm t - an uncursed +0 orcish helm w - an uncursed +0 orcish helm x - a cursed +0 orcish helm c - an uncursed +3 small shield (being worn) n - an uncursed +0 chain mail (being worn) Comestibles d - 3 uncursed food rations Scrolls f - a blessed scroll of destroy armor o - an uncursed scroll of magic mapping p - an uncursed scroll of teleportation Spellbooks j - an uncursed spellbook of drain life l - an uncursed spellbook of force bolt Potions i - an uncursed potion of hallucination g - an uncursed potion of water Rings k - a cursed ring of hunger Wands q - a cursed wand of enlightenment (0:13) u - a wand of magic missile named magic missile (0:7) v - a wand of striking named striking (0:3) Tools e - an uncursed oil lamp Cloudmillion the Valkyrie's attributes: Background: You were a Skirmisher, a level 5 human Valkyrie. You were lawful, on a mission for Tyr who was opposed by Odin (neutral) and Loki (chaotic). You were right-handed. You were in the Dungeons of Doom, on level 4. You entered the dungeon 883 turns ago. There was a full moon in effect when your adventure ended. You had 264 experience points, 56 more were needed to attain level 6. Basics: You had 0 out of 47 hit points. You had all 14 energy points (spell power). Your armor class was 1. Your wallet contained 42 zorkmids. Autopickup was off. Final Characteristics: Your strength was 18 (limit:18/100). Your dexterity was 13 (limit:18). Your constitution was 17 (limit:18). Your intelligence was 8 (limit:18). Your wisdom was 9 (limit:18). Your charisma was 7 (limit:18). Final Status: You weren't hungry. You were unencumbered. You were wielding a spear. You had basic skill with spear. Final Attributes: You were devoutly aligned. You were cold resistant. You were stealthy. You were warded. You were lucky. You are dead. Miscellaneous: You never encountered a bones level. Total elapsed playing time was 5 minutes and 15 seconds. Major events: Turn 1: Cloudmillion the lawful human Valkyrie entered the dungeon 396: entered the Gnomish Mines 655: attained the rank of Skirmisher (level 3) 883: killed by a hill orc Vanquished creatures: 9 fog clouds a kitten a kobold leader 5 hill orcs an iguana a gnome zombie a gecko 8 jackals a fox a goblin 2 grid bugs 6 newts 37 creatures vanquished. No species were genocided or became extinct. Voluntary challenges: You followed a strict vegan diet. You were an atheist. You read items or engraved 5 times. You never engraved Elbereth. You never genocided any monsters. You never polymorphed an object. You never changed form. You used no wishes. Achievements: You entered the Gnomish Mines. You entered a shop. You attained the rank of Skirmisher. The Dungeons of Doom: levels 1 to 5 Level 1: Some fountains. Level 2: Stairs down to The Gnomish Mines. Level 3: Level 4: <- You were here. Some fountains. Final resting place for you, killed by a hill orc. Level 5: The Gnomish Mines: Level 3: Game over: ---------- / \ / REST \ / IN \ / PEACE \ / \ | Cloudmillion | | 42 Au | | killed by a hill | | orc | | | | | | 2024 | *| * * * | * _________)/\\_//(\/(/\)/\//\/|_)_______ Farvel Cloudmillion the Valkyrie... You died in The Dungeons of Doom on dungeon level 4 with 1304 points, and 42 pieces of gold, after 883 moves. You were level 5 with a maximum of 47 hit points when you died.